 Dungeon Crawl Stone Soup version bcrawl-1.21.2-28-g2cb1824106 (webtiles) character file.

Game seed: 6853680372735546767

2141 Revguard the Slasher (level 9, 0/65 HPs)
             Began as a Demonspawn Archaeologist on Mar 5, 2020.
             Was a Believer of Ashenzari.
             Slain by a two-headed ogre
             ... wielding a +0 great mace
              (22 damage)
             ... on level 6 of the Dungeon.
             The game lasted 00:30:21 (7896 turns).

Revguard the Slasher (Demonspawn Archaeologist)     Turns: 7896, Time: 00:30:21

Health: 0/65       AC: 25    Str: 14    XL:     9   Next: 9%
Magic:  12/12      EV: 13    Int: 16    God:    Ashenzari [**....]
Gold:   160        SH:  3    Dex: 20    Spells: 8/8 levels left

rFire    + + +     SeeInvis .   h - +2 falchion (protect) (curse)
rCold    + . .     Gourm    .   (no shield)
rNeg     . . .     Faith    .   l - +2 scale mail {rF+} (curse)
rPois    .         Spirit   .   c - +1 hat (curse)
rElec    .         Reflect  .   (no cloak)
rCorr    .         Harm     .   t - +2 pair of gloves (curse)
MR       .....                  d - +1 pair of boots (curse)
Stlth    +.........             (no amulet)
HPRegen  0.20/turn              f - ring of the Yeti {+Fly rF++ MR- Dex+4} (curse)
MPRegen  0.13/turn              v - +6 ring of protection (curse)

@: lethally poisoned (0 -> -2), very slow
A: talons 2, icy blue scales 2, agile 1, cold resistance 1, strong 1
a: Curse Item, Scrying, Renounce Religion, Evoke Flight


You were on level 6 of the Dungeon.
You worshipped Ashenzari.
Ashenzari was pleased with you.
You were very hungry.

You visited 1 branch of the dungeon, and saw 6 of its levels.

You collected 385 gold pieces.
You spent 225 gold pieces at shops.

Inventory:

Hand Weapons
 a - a +0 whip
 h - a cursed +2 falchion of protection (weapon)
 j - a +0 club
Armour
 b - a +1 robe
 c - a cursed +1 hat (worn)
 d - a cursed +1 pair of boots (worn)
 k - a +0 ring mail
 l - a cursed +2 scale mail of fire resistance (worn)
 n - a +0 pair of gloves
 r - a +0 ring mail
 t - a cursed +2 pair of gloves (worn)
Jewellery
 f - the cursed ring of the Yeti (left hand) {+Fly rF++ MR- Dex+4}
   (You acquired it on level 2 of the Dungeon)

   [ring of flight]

   It affects your dexterity (+4).
   It greatly protects you from fire.
   It affects your resistance to hostile enchantments.
   It lets you fly.
   It has a curse placed upon it.
 s - an uncursed ring of magical power
 v - a cursed +6 ring of protection (right hand)
Wands
 o - a wand of polymorph (8)
Scrolls
 g - 2 scrolls of magic mapping
 m - 2 scrolls of fog
 p - 4 scrolls of remove curse
 u - a scroll of amnesia
Potions
 i - a potion of mutation
 q - a potion of flight
 w - a potion of might
Comestibles
 e - 11 rations {!d}
 x - 4 chunks of flesh


   Skills:
 + Level 4.0 Fighting
 + Level 6.2(8.5) Long Blades
 - Level 1.4 Maces & Flails
 + Level 4.2(5.6) Armour
 + Level 5.1(6.5) Dodging
 - Level 3.0 Stealth
 * Level 5.2(6.7) Evocations


You had 8 spell levels left.
You didn't know any spells.
Your spell library was empty.

Dungeon Overview and Level Annotations

Branches:
Dungeon (6/12)             Temple (0/1) D:4

Altars:
Ashenzari
Qazlal
Vehumet
Wu Jian
Zin

Shops:
D:5 [

Annotations:
D:6 Edmund


Innate Abilities, Weirdness & Mutations

You have razor-sharp toenails.
You are mostly covered in icy blue scales. (AC +3)
You are agile. (Dex +2)
Your flesh is cold resistant. (rC+)
Your muscles are strong. (Str +2)


Message History

The black bear bites you but does no damage.
The black bear claws you but does no damage.
The black bear claws you.
You feel yourself speed up.
You feel sick. You block the hornet's attack.
The hornet stings you but does no damage.
You open the door. The hornet barely misses you.
A rat, a river rat and a giant cockroach come into view.
You feel sick.
The hornet stings you but does no damage.
The adder bites you but does no damage.
There is an open door here.
You enter the shallow water.
Moving in this stuff is going to be slow.
You feel sick. You block the hornet's attack.
The giant cockroach bites you but does no damage.
The giant cockroach misses you. The rat misses you.
The hornet stings you but does no damage.
The two-headed ogre hits you with a +0 great mace!!
You die...

* #...h..o......... *
#.######...#....[
.######h# ≈∩≈#.........
......S.##++##.h.......
,, *
....[..O.#≈≈#...?.....
###.###o##≈≈##o.h.#....
........#≈≈≈≈#...O##... *
* ........#≈r≈≈#o...S....
, ......h@##@s##.........
.......h{#yO#....##....
#........hhS##r.......§..
,
#.................###....
, , ....).......##...#
,.O., , ................#
.. * .......##.......#*
,,., ,, ,.......
###..%.(.. , ##..##
*###.#...#**


You could see a two-headed ogre, a hornet, an adder, a river rat, a giant
cockroach and a rat.

Vanquished Creatures
  Sigmund (D:3)
  A hungry ghost (D:5)
  A sky beast (D:2)
  A black bear (D:6)
  An ice beast (D:5)
  A phantom (D:4)
  An ogre (D:4)
  A centaur (D:5)
  A bullfrog (D:5)
  2 big kobolds (D:4)
  A wyvern zombie (D:5)
  2 scorpions
  5 crimson imps
  A quasit (D:5)
  A jelly (D:5)
  2 bullfrog skeletons (D:5)
  3 orc priests
  8 orc wizards
  4 worker ants
  Terence (D:3)
  8 adders
  A gnoll (D:4)
  2 shadow imps (D:5)
  An adder zombie (D:5)
  A worm (D:2)
  2 dart slugs
  3 leopard geckos
  24 orcs
  3 bats (D:1)
  4 giant cockroaches
  10 goblins
  13 hobgoblins
  14 jackals
  A quokka (D:2)
  A ball python (D:2)
  A frilled lizard (D:5)
  54 kobolds
  A leopard gecko skeleton (D:5)
  2 rats
185 creatures vanquished.

Notes
Turn   | Place    | Note
-------+----------+-------------------------------------------
     0 | D:1      | Revguard the Demonspawn Archaeologist began the quest for
                  | the Orb.
     0 | D:1      | Reached XP level 1. HP: 15/15 MP: 1/1
     9 | D:1      | Reached skill level 1 in Maces & Flails
   393 | D:1      | Gained mutation: You have sharp toenails. [demonic
                  | ancestry]
   393 | D:1      | Reached XP level 2. HP: 12/21 MP: 2/2
   879 | D:1      | Reached XP level 3. HP: 26/26 MP: 3/3
  1190 | D:2      | Gained mutation: Your flesh is cold resistant. (rC+)
                  | [potion of mutation]
  1190 | D:2      | Gained mutation: You are agile. (Dex +2) [potion of
                  | mutation]
  1190 | D:2      | Gained mutation: Your muscles are strong. (Str +2) [potion
                  | of mutation]
  1190 | D:2      | Gained mutation: You have razor-sharp toenails. [potion of
                  | mutation]
  1199 | D:2      | Reached skill level 1 in Evocations
  1482 | D:2      | Noticed a sky beast
  1504 | D:2      | Killed a sky beast
  1504 | D:2      | Reached XP level 4. HP: 27/32 MP: 3/5
  1519 | D:2      | Reached XP level 5. HP: 34/37 MP: 4/6
  1519 | D:2      | Identified a scroll of acquirement
  1551 | D:2      | Identified the -5 medium shield of the Vaults {+Fly rF+
                  | Int+2} (You acquired it on level 2 of the Dungeon)
  1551 | D:2      | Identified the ring of the Yeti {+Fly rF++ MR- Dex+4} (You
                  | acquired it on level 2 of the Dungeon)
  1640 | D:2      | Found a shattered altar of Ashenzari.
  2174 | D:2      | Found an ornate altar of the Wu Jian Council.
  2290 | D:2      | Became a worshipper of Ashenzari the Shackled
  2458 | D:3      | Noticed Terence
  2472 | D:3      | Killed Terence
  2472 | D:3      | Reached skill level 1 in Long Blades
  2717 | D:3      | Noticed Sigmund
  2783 | D:3      | Killed Sigmund
  2783 | D:3      | Reached skill level 2 in Long Blades
  2783 | D:3      | Reached XP level 6. HP: 13/44 MP: 7/7
  3935 | D:3      | Noticed Ijyb
  3945 | D:3      | Noticed Ijyb
  3945 | D:3      | Ijyb changed into Ijyb the scorpion
  3975 | D:3      | Killed Ijyb the scorpion
  4297 | D:4      | Reached skill level 3 in Long Blades
  4297 | D:4      | Gained mutation: You are partially covered in icy blue
                  | scales. (AC +2) [demonic ancestry]
  4297 | D:4      | Reached XP level 7. HP: 37/51 MP: 9/9
  4371 | D:4      | Found a staircase to the Ecumenical Temple.
  4867 | D:4      | Reached * piety under Ashenzari
  4868 | D:4      | Found a glowing silver altar of Zin.
  4925 | D:4      | Reached skill level 4 in Long Blades
  5155 | D:4      | Found a stormy altar of Qazlal.
  5769 | D:4      | Gained mutation: You are mostly covered in icy blue scales.
                  | (AC +3) [demonic ancestry]
  5769 | D:4      | Reached XP level 8. HP: 52/58 MP: 10/10
  6226 | D:5      | Entered Level 5 of the Dungeon
  6304 | D:5      | Reached skill level 5 in Long Blades
  6939 | D:5      | Reached ** piety under Ashenzari
  6955 | D:5      | Reached skill level 5 in Evocations
  7111 | D:5      | Reached skill level 6 in Long Blades
  7117 | D:5      | Reached skill level 5 in Dodging
  7192 | D:5      | Reached XP level 9. HP: 64/65 MP: 12/12
  7441 | D:5      | Found Qitaa's Antique Armour Shop.
  7444 | D:5      | Bought a pair of glowing gloves for 225 gold pieces
  7624 | D:5      | Found a radiant altar of Vehumet.
  7860 | D:6      | Noticed a two-headed ogre
  7878 | D:6      | Noticed Edmund
  7896 | D:6      | Slain by a two-headed ogre

Skill      XL: |  1  2  3  4  5  6  7  8 |
---------------+-------------------------+-----
Maces & Flails | 1 |  1.4
Dodging        | 3 4 5 |  5.1
Evocations     | 1 2 3 5 |  5.2
Armour         | 2 3 4 |  4.2
Long Blades    | 2 3 4 6 |  6.2
Fighting       | 2 3 4 |  4.0
Stealth        | |  3.0

Action                   |  1- 3 |  4- 6 |  7- 9 || total
-------------------------+-------+-------+-------++-------
Melee: Club              |   127 |       |       ||   127
       Whip              |    13 |       |       ||    13
       Falchion          |    24 |   204 |   681 ||   909
       Unarmed           |       |     4 |       ||     4
Invok: Curse Item        |       |     3 |     4 ||     7
Evoke: Wand              |       |     3 |     1 ||     4
  Use: Potion            |     3 |     3 |     5 ||    11
       Scroll            |       |     7 |     7 ||    14
  Eat: Chunk             |     2 |     8 |    13 ||    23
       Ration            |       |       |     1 ||     1
Armor: Ring mail         |    89 |     6 |       ||    95
       Robe              |     2 |       |       ||     2
       Skin              |     4 |       |    18 ||    22
       Scale mail        |       |    94 |   434 ||   528
Dodge: Dodged            |    89 |   111 |   460 ||   660
Block: Other             |       |       |    48 ||    48
